 Dungeon Sprint DCSS version 0.21.1-1-g345015f (webtiles) character file.

81 vatarom the Ruffian (level 4, 50/50 HPs)
             Began as a Troll Monk on May 4, 2018.
             Quit the game in the Dungeon (Sprint II: "The Violet Keep of Menkaure") on May 11, 2018.
             The game lasted 00:01:08 (133 turns).

vatarom the Ruffian (Troll Monk)                     Turns: 133, Time: 00:01:09

Health: 50/50      AC:  5    Str: 19    XL:     4   Next: 19%
Magic:  3/3        EV: 10    Int:  6    God:
Gold:   243        SH:  0    Dex: 13    Spells: 3/3 levels left

rFire    . . .     SeeInvis .     - Unarmed
rCold    . . .     Gourm    +   (no shield)
rNeg     . . .     Faith    .   a - +0 robe
rPois    .         Spirit   .   (helmet restricted)
rElec    .         Reflect  .   (no cloak)
rCorr    .         Harm     .   (gloves unavailable)
MR       .....     NoTele   +   (boots unavailable)
Stlth    ++........             (no amulet)
HPRegen  0.56/turn              (no ring)
MPRegen  0.08/turn              (no ring)

@: no status effects
A: large, unfitting armour, claws 3, fast metabolism 3, gourmand, regeneration
1, shaggy fur 1, tough skin 2
a: no special abilities


You were in the Dungeon.
You were not hungry.

You visited 1 branch You collected 243 gold pieces.

Inventory:

Armour
 a - a +0 robe (worn)
Scrolls
 h - a scroll of blinking
Potions
 c - a potion of curing
 e - a potion of haste
 f - 2 potions of magic
Comestibles
 b - 2 rations


   Skills:
 + Level 5.4 Fighting
 - Level 2.4 Dodging
 - Level 1.0 Stealth
 + Level 6.5 Unarmed Combat


You had 3 spell levels left.
You didn't know any spells.

Dungeon Overview and Level Annotations

Branches:
Dungeon (1/1)

Altars:

Shops:
D (:}:=([=(!?%!:*[

Annotations:
D exclusions: 6 doors and oklob plant


Innate Abilities, Weirdness & Mutations

You are too large for most types of armour.
You have claws for hands.
Your metabolism is lightning-fast.
You like to eat raw meat.
Your natural rate of healing is unusually fast.
You are covered in fur. (AC +1)
You have very tough skin. (AC +2)


Message History

Found 27 arrows.
Found Leskaunn's Book Boutique and Musuf's Gadget Shop.
There is an open door here.
Unknown command.
You're in a travel-excluded area, stopping explore.
You're in a travel-excluded area, stopping explore.
Found a club and 25 gold pieces.
Found Emicset's Book Shoppe and Wiuntod's Weapon Boutique.
Found a shiny copper wand, a trident and a mace.
Found 81 gold pieces and a potion of berserk rage.
There is an entrance to Hessawupn's Book Shop here.
Found 81 gold pieces and a scroll labeled TYH VOFOUP.
Found a ration.
There is an entrance to Annof's Antique Armour Boutique here.
The hell hog squeals angrily.
There is an entrance to Leskaunn's Book Boutique here.
Level annotation: exclusions: 6 doors and oklob plant Welcome back, vatarom the Troll Monk.
Press ? for a list of commands and other information.
Are you sure you want to abandon this character and quit the game? (Confirm with "yes".)

###########≈≈≈......
##∩.∩.....#≈≈≈≈.##'#
##.∩.∩....#≈≈≈≈##.#.
##..∩.∩...#≈≈≈≈#..##
##...∩.∩..#≈≈####.†#
##....∩.⌠.#≈## ##†#
##...∩.∩..#≈# ##.#
##..∩.∩...'≈+ +.<.
##.@.∩....#≈# ##.#
#▓▓▓▓▓▓▓###≈# #+#
##)ED######≈≈#
#$(?#h. ##≈≈≈
#∩P/+h%# +#≈#
#$.$#?##≈# ≈≈#
#))!###≈≈≈ ≈≈
##+###§§≈§


You could see an iron elemental, an ice dragon, 2 hell hogs and an oklob plant.

Vanquished Creatures
  A crocodile (D)
  3 worms (D)
4 creatures vanquished.

Notes
Turn   | Place    | Note
-------+----------+-------------------------------------------
     0 | D        | vatarom the Troll Monk began the quest for the Orb.
     0 | D        | Reached XP level 1. HP: 22/22 MP: 0/0
    15 | D        | Reached skill level 4 in Unarmed Combat
    59 | D        | Noticed a flying skull
    60 | D        | Noticed a flying skull
    60 | D        | Noticed a flying skull
    60 | D        | Noticed a flying skull
    60 | D        | Noticed a flying skull
    60 | D        | Noticed a flying skull
    60 | D        | Noticed a flying skull
    60 | D        | Noticed a flying skull
    61 | D        | Noticed a flying skull
    63 | D        | Noticed a flying skull
    63 | D        | Reached XP level 2. HP: 31/31 MP: 1/1
    64 | D        | Noticed a flying skull
    67 | D        | Noticed a flying skull
    67 | D        | Noticed a crocodile
    77 | D        | Killed a crocodile
    77 | D        | Reached skill level 5 in Fighting
    77 | D        | Reached skill level 6 in Unarmed Combat
    77 | D        | Reached XP level 3. HP: 31/42 MP: 2/2
    77 | D        | Reached XP level 4. HP: 37/50 MP: 3/3
   112 | D        | Found Xucwug's General Store.
   112 | D        | Found Hoogh's Antique Armour Shop.
   113 | D        | Found Nuheuwudu's Food Shop.
   113 | D        | Found Lizept's Distillery.
   119 | D        | Found Hessawupn's Book Shop.
   120 | D        | Found Fecliuc's Weapon Shop.
   120 | D        | Found Nehoupso's Distillery.
   120 | D        | Found Kitay's Jewellery Boutique.
   120 | D        | Found Xicid's Magic Scroll Shop.
   121 | D        | Found Annof's Antique Armour Boutique.
   121 | D        | Found Keyrph's Antique Weapon Boutique.
   121 | D        | Found Bazxoa's Jewellery Shop.
   121 | D        | Noticed an ice dragon
   124 | D        | Found Leskaunn's Book Boutique.
   124 | D        | Found Musuf's Gadget Shop.
   124 | D        | Noticed an oklob plant
   125 | D        | Noticed an iron elemental
   125 | D        | Found Emicset's Book Shoppe.
   125 | D        | Found Wiuntod's Weapon Boutique.
   129 | D        | Noticed a hell hog
   132 | D        | Noticed a hell hog
   133 | D        | Quit the game

Skill      XL: |  1  2 |
---------------+-------+-----
Fighting       | 3 5 |  5.4
Unarmed Combat | 4 6 |  6.5
Dodging        | |  2.4
Stealth        | |  1.0

Action                   |  1- 3 |  4- 6 || total
-------------------------+-------+-------++-------
Melee: Unarmed           |    20 |       ||    20
  Use: Potion            |     2 |       ||     2
 Stab: Sleeping          |     1 |       ||     1
Armor: Robe              |     1 |       ||     1
Dodge: Dodged            |     5 |       ||     5
